 Dungeon Crawl Stone Soup version 0.32-a0-933-ga8fa3634e4 (webtiles) character file.

Game seed: 6332218829694404680

91 Autsider the Caller (level 4, 0/30 HPs)
             Began as a Merfolk Summoner on Apr 14, 2024.
             Slain by an orc wizard
             ... wielding a +2 dagger of pain
              (4 damage)
             ... on level 3 of the Dungeon.
             The game lasted 00:05:37 (2902 turns).

Autsider the Caller (Merfolk Summoner)              Turns: 2902, Time: 00:05:37

Health: 0/30       AC:  3    Str:  8    XL:     4   Next: 59%
Magic:  6/8        EV: 11    Int: 16    God:
Gold:   148        SH:  0    Dex: 14    Spells: 1/9 levels left

rFire   . . .        d - +1 dagger
rCold   . . .        (no shield)
rNeg    . . .        a - +0 robe
rPois   .            (no helmet)
rElec   .            (no cloak)
rCorr   .            e - +0 pair of gloves
SInv    .            (no boots)
Will    .....        (no amulet)
Stlth   ++           (no ring)
HPRegen 0.25/turn    (no ring)
MPRegen 0.11/turn

%: no passive effects
@: brilliant, inugami summoned
A: (nimble swimmer 2), mertail
a: Convert to Beogh


You were on level 3 of the Dungeon.
You visited 1 branch of the dungeon, and saw 3 of its levels.

You collected 148 gold pieces.

Inventory:

Hand Weapons
 d - a +1 dagger (weapon)
Armour
 a - a +0 robe (worn)
 e - a +0 pair of gloves (worn)
 i - a +0 leather armour
Jewellery
 f - a ring of fire
Scrolls
 g - a scroll of fog
 h - a scroll of identify {unknown}
 k - a scroll of teleportation {unknown}
Potions
 b - 2 potions of magic
 j - a potion of curing {unknown}


   Skills:
 - Level 2.6 Dodging
 - Level 2.1 Stealth
 + Level 3.2 Spellcasting
 + Level 4.9 Summonings
 * Level 0.7 Fire Magic


You had one spell level left.
You knew the following spells:

 Your Spells              Type           Power      Damage    Failure   Level
a - Call Canine Familiar  Summ           27%        N/A       8%          3
b - Summon Blazeheart Go  Fire/Summ      17%        N/A       50%         4
x - Summon Small Mammal   Summ           100%       N/A       2%          1

Your spell library contained the following spells:

 Spells                   Type           Power      Damage    Failure   Level
 Shock                    Conj/Air       12%        1d3       19%         1
 Slow                     Hex            12%        N/A       19%         1
 Call Imp                 Summ           54%        N/A       3%          2
 Confusing Touch          Hex            3%         N/A       50%         3
 Sigil of Binding         Hex            3%         N/A       50%         3
 Swiftness                Air            3%         N/A       50%         3
 Vampiric Draining        Necr           3%         2d6       50%         3
 Summon Lightning Spire   Summ/Air       15%        N/A       54%         4
 Airstrike                Air            1%         2d(1-17)  88%         4
 Death Channel            Necr           1%         N/A       100%        6
 Sculpt Simulacrum        Ice/Alch       1%         N/A       100%        6


Dungeon Overview and Level Annotations

Branches:
Dungeon (3/15)

Altars:


Innate Abilities, Weirdness & Mutations

((You are very nimble when in or above water. (Stealth+, EV+, Speed+++)))
Your lower body shifts to a powerful aquatic tail in water.


Message History

You closely miss the orc wizard.
The orc wizard is lightly wounded.
The orc wizard gestures at you while chanting.
You are confused.
The quokka misses your inugami.
Your inugami misses the quokka.
The orc wizard hits you with a +2 dagger of pain.
The quokka bites your inugami but does no damage.
Your inugami hits the quokka. The orc misses your inugami.
The orc wizard hits you with a +2 dagger of pain.
* * * LOW HITPOINT WARNING * * *
The quokka bites your inugami.
Your inugami hits the quokka.
The quokka dies!
The orc hits your inugami with a +0 hand axe.
The orc priest shouts, "Beogh offers mercy even to people such as you.
Join us and be reborn!" (press Y on the ability menu to convert to Beogh)
The orc wizard hits you but does no damage.
The orc closely misses your inugami.
Your inugami hits the orc. The orc wizard misses you.
The orc hits your inugami with a +0 hand axe.
The orc priest hits your inugami but does no damage.
Your inugami hits the orc priest but does no damage.
The orc wizard hits you with a +2 dagger of pain.
* * * LOW HITPOINT WARNING * * *
The orc priest hits your inugami with a +0 flail.
Your inugami misses the orc priest. The orc closely misses your inugami.
Okay, then.
You feel less confused.
The orc wizard points at you and mumbles some strange words.
The magic dart hits you!
* * * LOW HITPOINT WARNING * * *
The orc misses your inugami.
Your inugami barely misses the orc priest.
The orc priest hits your inugami but does no damage.
The orc wizard closely misses you.
Your inugami hits the orc priest.
The orc priest closely misses your inugami.
The orc closely misses your inugami.
It was a potion of brilliance.
You feel clever all of a sudden.
The orc wizard hits you with a +2 dagger of pain.
You die...

####...#..####+##.#
..................#
.....#.#..........#
..................#
######.#..........#
##.#.#####.##.#####
###..#.# #.##.#...#
#...##.#####.##ho...#
#>..h.........@oo...+
######'#####.###....#
#.......##.. )...+
#####.......#####
.o..# ....'.......+
r..... #####.......#
...?.#< #.......#
.....+ #####...)...#
...[.# ....'.......#


You could see an orc priest (ally target), an orc wizard, an orc and a friendly
inugami (summoned).

Vanquished Creatures
  An adder (D:3)
  A ribbon worm (D:2)
  6 bats
  3 endoplasms
  A giant cockroach (D:3)
  2 hobgoblins
  2 jackals (D:1)
  2 quokkas
  7 ball pythons
  A frilled lizard (D:2)
  3 goblins (D:2)
  2 kobolds
  A rat (D:2)
32 creatures vanquished.

Vanquished Creatures (collateral kills)
  2 adders (D:2)
  3 ball pythons
  2 bats
  3 endoplasms
  A giant cockroach (D:1)
  4 goblins
  A hobgoblin (D:1)
  A jackal (D:1)
  2 kobolds
  A quokka (D:3)
  3 rats
23 creatures vanquished.

Grand Total: 55 creatures vanquished

Notes
Turn   | Place    | Note
-------+----------+-------------------------------------------
     0 | D:1      | Autsider the Merfolk Summoner began the quest for the Orb.
     0 | D:1      | Reached XP level 1. HP: 13/13 MP: 3/3
   237 | D:1      | Reached XP level 2. HP: 19/19 MP: 3/5
   836 | D:1      | Reached XP level 3. HP: 23/24 MP: 6/6
   840 | D:1      | Learned a level 3 spell: Call Canine Familiar
  2112 | D:2      | Reached XP level 4. HP: 27/30 MP: 8/8
  2183 | D:2      | Learned a level 4 spell: Summon Blazeheart Golem
  2902 | D:3      | Slain by an orc wizard

Illustrated notes

Levels and vault maps discovered:
D:1:      dpeg_arrival_signposts, layout_basic, minmay_shallow_snake_nest
D:2:      layout_loops_corners, solitary_fountain,
          chequers_serial_rivers_micro_b, minmay_bisected
D:3:      layout_basic, lemuel_crystal_altar, jmf_multi_god_temple,
          gammafunk_ghost_arena

Skill      XL: |  1  2  3 |
---------------+----------+-----
Spellcasting   | 3 |  3.2
Dodging        | |  2.6
Stealth        | |  2.1
Summonings     | |  4.9
Fire Magic     | |  0.7

Action                     |  1- 3 |  4- 6 || total
---------------------------+-------+-------++-------
  Melee: Dagger            |   151 |    43 ||   194
   Cast: Summon Small Mamm |    16 |       ||    16
         Call Canine Famil |     7 |     4 ||    11
    Use: Scroll            |     2 |     1 ||     3
         Potion            |       |     1 ||     1
   Stab: Sleeping          |     5 |     1 ||     6
         Distracted        |     2 |       ||     2
 Armour: Robe              |   133 |    31 ||   164
  Dodge: Dodged            |   126 |    25 ||   151

Table legend: (Time is in decaauts)
 A = Elapsed time spent in this place.
 B = Non-inter-level travel time spent in this place.
 C = Inter-level travel time spent in this place.
 D = Time resting spent in this place.
 E = Time spent auto-exploring this place.
 F = Levels seen in this place.
 G = Mean time per level.
                   A        B        C        D        E       F      G
               +--------+--------+--------+--------+--------+-----+--------+
         Total |   2900 |   2796 |    104 |      0 |   2251 |   3 |  966.7 |
       Dungeon |   2900 |   2796 |    104 |      0 |   2251 |   3 |  966.7 |
               +--------+--------+--------+--------+--------+-----+--------+

Top non-repeatable levels by time:
     D:1: 1495 daAuts
     D:2: 1060 daAuts
     D:3: 343 daAuts
